 Dungeon Crawl Stone Soup version 0.29.1-4-g47bece8355 (webtiles) character file.

Game seed: 3889164166647151599

457 javelincjr the Conjurer (level 6, -2/33 HPs)
             Began as a Deep Elf Conjurer on Dec 6, 2022.
             Was an Initiate of Sif Muna.
             Slain by an iguana (12 damage)
             ... on level 7 of the Dungeon.
             The game lasted 00:21:48 (3798 turns).

javelincjr the Conjurer (Deep Elf Conjurer)         Turns: 3798, Time: 00:21:49

Health: -2/33      AC:  5    Str: 10    XL:     6   Next: 77%
Magic:  7/16       EV: 13    Int: 25    God:    Sif Muna [......]
Gold:   177        SH:  0    Dex: 13    Spells: 11/15 levels left

rFire   . . .      SeeInvis .   i - +3 quarterstaff (chaos)
rCold   . . .      Faith    .   (shield currently unavailable)
rNeg    . . .      Spirit   .   a - +0 robe
rPois   .          Reflect  .   (no helmet)
rElec   .          Harm     .   k - +0 cloak
rCorr   .          Rampage  .   (no gloves)
Will    +....                   g - +1 pair of boots
Stlth   +++.......              (no amulet)
HPRegen 0.11/turn               c - +6 ring of strength
MPRegen 0.15/turn               e - ring of willpower

@: no status effects
A: no striking features
a: Renounce Religion


You were on level 7 of the Dungeon.
You worshipped Sif Muna.
Sif Muna was noncommittal.
You visited 2 branches of the dungeon, and saw 6 of its levels.

You collected 177 gold pieces.

Inventory:

Hand Weapons
 d - a +0 dagger
 f - a +1 whip of draining
 i - a +3 quarterstaff of chaos (weapon)
Missiles
 h - 4 poisoned darts
 j - 8 boomerangs (quivered)
Armour
 a - a +0 robe (worn)
 g - a +1 pair of boots (worn)
 k - a +0 cloak (worn)
Jewellery
 c - a +6 ring of strength (left hand)
 e - a ring of willpower (right hand)
Wands
 l - a wand of mindburst (12)
 o - a wand of flame (22)
 r - a wand of quicksilver (8)
 t - a wand of digging (1)
Scrolls
 m - 2 scrolls of identify
 n - a scroll of poison {unknown}
 q - a scroll of butterflies {unknown}
Potions
 b - a potion of magic
 p - a potion of resistance {unknown}
 s - a potion of haste {unknown}
 u - a potion of degeneration {unknown}


   Skills:
 + Level 0.3 Fighting
 + Level 0.1(0.8) Maces & Flails
 + Level 2.0 Staves
 + Level 3.2 Dodging
 + Level 4.2 Stealth
 + Level 5.4 Spellcasting
 + Level 6.7 Conjurations


You had 11 spell levels left.
You knew the following spells:

 Your Spells              Type           Power      Damage    Failure   Level
a - Magic Dart            Conj           100%       1d8       1%          1
b - Searing Ray           Conj           80%        2d7       1%          2
c - Apportation           Tloc           12%        N/A       8%          1

Your spell library contained the following spells:

 Spells                   Type           Power      Damage    Failure   Level
 Dazzling Flash           Conj/Hex       46%        N/A       6%          3
 Necrotise                Necr           24%        1d5       8%          1
 Summon Small Mammal      Summ           24%        N/A       8%          1
 Fulminant Prism          Conj/Hex       11%        3d9       21%         4
 Iskenderun's Mystic Bla  Conj/Tloc      23%        2d6       21%         4


Dungeon Overview and Level Annotations

Branches:
Dungeon (4/15)             Temple (1/1) D:4

Altars:
Ashenzari
Cheibriados
Elyvilon
Fedhas
Hepliaklqana
Kikubaaqudgha
Makhleb
Okawaru
Qazlal
Ru
Sif Muna
Trog
Uskayaw
Vehumet
Xom
Yredelemnul
Zin
The Shining One

Annotations:
D:4 Pikel


Message History

(Press . to maintain the ray.)
The scorpion barely misses you.
The searing ray hits the scorpion.
The scorpion is almost dead.
The searing ray hits the black bear!
The black bear is moderately wounded.
The scorpion stings you. The iguana closely misses you.
The searing ray hits the scorpion.
You kill the scorpion!
Sif Muna accepts your kill.
The searing ray hits the black bear!
The black bear is severely wounded.
The iguana barely misses you.
Your Staves skill increases to level 1!
The searing ray hits the black bear!
You kill the black bear!
Sif Muna accepts your kill.
You finish channelling your searing ray.
The iguana barely misses you.
Your Staves skill increases to level 2!
Your Stealth skill increases to level 4!
You hit the iguana.
The iguana goes berserk!
The iguana is lightly wounded.
The iguana bites you!
Casting: Searing Ray (safe; 1% risk of failure)
Confirm with . or Enter, or press ? or * to list all spells.
Aiming: Searing Ray (safe; 1% risk of failure)
Press: ? - help, Shift-Dir - straight line, f - iguana
Aim: an iguana (lightly wounded, berserk, 84% to hit)
The searing ray hits the iguana!
The iguana is severely wounded. (Press . to maintain the ray.)
The iguana bites you! The iguana misses you.
The searing ray hits the iguana.
The iguana is severely wounded.
The iguana bites you but does no damage.
The searing ray hits the iguana.
The iguana is almost dead.
The iguana completely misses you. The iguana bites you!
You die...

.......###.#...........##
........##.#............#
.......###........>.....#
.........#............#
.#....................#...
.#........................
...#......................
................†##.#.....
................@l........
#.........................
....#...(.................
......................#...
....##.....#.............
.....#.....#.....##...###
......##..###....######
......#######.....#
.......#..#..#....#


You could see an iguana (berserk).

Vanquished Creatures
  A black bear (D:7)
  An ogre (D:3)
  A lemure (D:4)
  A scorpion (D:7)
  Crazy Yiuf (D:3)
  Natasha (thrice) (D:3)
  An adder (D:4)
  5 gnolls
  A white imp (D:3)
  An orc (D:3)
  5 ball pythons
  7 bats
  8 endoplasms
  2 giant cockroaches
  3 goblins (D:1)
  7 hobgoblins
  5 jackals
  4 kobolds
  7 quokkas
  4 frilled lizards
  3 rats
71 creatures vanquished.

Vanquished Creatures (others)
  2 fungi (D:3)
2 creatures vanquished.

Grand Total: 73 creatures vanquished

Notes
Turn   | Place    | Note
-------+----------+-------------------------------------------
     0 | D:1      | javelincjr the Deep Elf Conjurer began the quest for the
                  | Orb.
     0 | D:1      | Reached XP level 1. HP: 10/10 MP: 6/6
    78 | D:3      | Noticed an ogre
   123 | D:1      | Reached XP level 2. HP: 15/15 MP: 1/8
   463 | D:1      | Reached skill level 5 in Conjurations
   706 | D:1      | Learned a level 2 spell: Searing Ray
  1029 | D:2      | Reached XP level 3. HP: 18/19 MP: 1/9
  1213 | D:3      | Killed an ogre
  1214 | D:3      | Reached XP level 4. HP: 24/24 MP: 3/12
  1339 | D:3      | Reached skill level 6 in Conjurations
  1431 | D:4      | Found a staircase to the Ecumenical Temple.
  1448 | Temple   | Entered the Ecumenical Temple
  1519 | Temple   | Became a worshipper of Sif Muna the Loreminder
  1984 | D:3      | Noticed Natasha
  1991 | D:3      | Killed Natasha
  1992 | D:3      | Reached XP level 5. HP: 20/28 MP: 5/13
  2255 | D:3      | Noticed Natasha
  2260 | D:3      | Killed Natasha
  2277 | D:3      | Found a runed translucent door.
  2278 | D:3      | Noticed Crazy Yiuf
  2331 | D:3      | Killed Crazy Yiuf
  2332 | D:3      | Reached skill level 5 in Spellcasting
  2844 | D:2      | Learned a level 1 spell: Apportation
  3146 | D:3      | Noticed Natasha
  3152 | D:3      | Killed Natasha
  3153 | D:3      | Reached XP level 6. HP: 32/32 MP: 10/15
  3617 | D:4      | Noticed Pikel
  3698 | D:4      | You fall into a shaft and drop 3 floors!
  3705 | D:7      | Noticed an orc warrior
  3794 | D:7      | Reached skill level 1 in Staves
  3798 | D:7      | Slain by an iguana

Illustrated notes

Levels and vault maps discovered:
D:1:      amcnicky_arrival_flooded_fountain, layout_rooms
D:2:      layout_basic
D:3:      layout_rooms, st_stairs_6, uniq_natasha, uniq_crazy_yiuf_cottage
D:4:      layout_basic, minmay_temple_entry_purple_smoke, uniq_blork_the_orc,
          uniq_pikel, uniq_grinder
D:7:      kennysheep_housing_project, layout_cave_pools
Temple:   dpeg_five_rooms_temple

Skill      XL: |  1  2  3  4  5  6 |
---------------+-------------------+-----
Conjurations   | 5 6 |  6.7
Stealth        | 3 4 |  4.2
Spellcasting   | 4 5 |  5.4
Dodging        | 3 |  3.2
Staves         | 2 |  2.0
Fighting       | |  0.3
Maces & Flails | |  0.1

Action                   |  1- 3 |  4- 6 || total
-------------------------+-------+-------++-------
Melee: Dagger            |    11 |       ||    11
       Quarterstaff      |       |    30 ||    30
       Whip              |       |     4 ||     4
 Cast: Magic Dart        |    48 |    49 ||    97
       Searing Ray       |     1 |    13 ||    14
  Use: Scroll            |     5 |     1 ||     6
       Potion            |     2 |       ||     2
 Stab: Sleeping          |       |     7 ||     7
Armor: Robe              |     4 |    10 ||    14
Dodge: Dodged            |     8 |    34 ||    42
